 Dungeon Crawl Stone Soup version 0.24-a0-368-g0e0cebd0f3 (webtiles) character file.

Game seed: 10652299674539173597

56 theanonym the Cudgeler (level 3, -6/27 HPs)
             Began as a Mummy Warper on May 29, 2019.
             Mangled by an orc wizard
             ... wielding a +0 long sword
              (7 damage)
             ... on level 1 of the Dungeon.
             The game lasted 00:02:40 (1844 turns).

theanonym the Cudgeler (Mummy Warper)               Turns: 1844, Time: 00:02:40

Health: -6/27      AC:  8    Str: 15    XL:     3   Next: 69%
Magic:  7/7        EV:  1    Int: 12    God:
Gold:   53         SH: 10    Dex: 11    Spells: 7/7 levels left

rFire    x . .     SeeInvis .   a - +0 mace
rCold    + . .     Gourm    .   j - +0 large shield
rNeg     + + +     Faith    .   g - +0 chain mail
rPois    ∞         Spirit   .   (no helmet)
rElec    .         Reflect  .   (no cloak)
rCorr    .         Harm     .   (no gloves)
MR       .....                  (no boots)
Stlth    ..........             (no amulet)
HPRegen  0.09/turn              (no ring)
MPRegen  0.10/turn              (no ring)

@: no status effects
A: no food or potions, fire vulnerability, cold resistance 1, negative energy
resistance 3, torment resistance, unbreathing
a: no special abilities


Innate Abilities, Weirdness & Mutations

You do not eat or drink.
Your flesh is vulnerable to fire.
You are immune to poison.
Your flesh is cold resistant. (rC+)
You are immune to negative energy. (rN+++)
You are immune to unholy pain and torment.
You can survive without breathing.


   Skills:
 - Level 2.0 Fighting
 + Level 3.4 Maces & Flails
 - Level 0.7 Throwing
 - Level 0.7 Armour
 - Level 1.5 Dodging
 - Level 2.6 Spellcasting
   Level 2.4 Translocations


You had 7 spell levels left.
You didn't know any spells.
Your spell library contained the following spells:

 Spells                   Type           Power        Failure   Level  Hunger
 Blink                    Tloc           N/A          100%        2    N/A
 Shroud of Golubria       Chrm/Tloc      #.........   100%        2    N/A
 Gell's Gravitas          Tloc           #.........   100%        3    N/A
 Lesser Beckoning         Tloc           #.........   100%        3    N/A
 Teleport Other           Tloc           #.......     100%        3    N/A
 Passage of Golubria      Tloc           N/A          100%        4    N/A

Skill      XL: |  1  2  3 |
---------------+----------+-----
Maces & Flails | 2 3 |  3.4
Fighting       | |  2.0
Throwing       | |  0.7
Armour         | |  0.7
Dodging        | |  1.5
Spellcasting   | |  2.6
Translocations | |  2.4

Action                   || total
-------------------------++-------
Melee: Mace              ||   176
Throw: Boomerang         ||     5
  Use: Scroll            ||     1
Armor: Leather armour    ||    24
       Ring mail         ||    25
       Chain mail        ||    52
Dodge: Dodged            ||    77
Block: Large shield      ||    27

Inventory:

Hand Weapons
 a - a +0 mace (weapon)
Armour
 b - a +0 leather armour
 f - a +0 ring mail
 g - a +0 chain mail (worn)
 j - a +0 large shield (worn)
Jewellery
 c - an uncursed ring of protection from fire {unknown}
Scrolls
 h - a scroll of enchant armour
 i - a scroll of magic mapping {unknown}
 r - a scroll of identify
 B - a scroll of blinking


You were on level 1 of the Dungeon.
You were not hungry.

You visited 1 branch of the dungeon, and saw 2 of its levels.

You collected 53 gold pieces.

Dungeon Overview and Level Annotations

Branches:
Dungeon (2/15)

Altars:

#....###..#...<#.# #...#
######.)..##########...##
####..#####.........
#..'..##..#####.....
#..#..##..# #.......
#..#...'..# #.#.###.
#..##..#### #÷#.# #.
######..### #.#.# #.
#.)@...##.###.#.# #.
#......##.##....# #.
#........#...#..# #.
##.....##.##...## ##
#.....##.###.######
###......# #....†..
######## ########


There were no monsters in sight!

Notes
Turn   | Place    | Note
-------+----------+-------------------------------------------
     0 | D:1      | theanonym the Mummy Warper began the quest for the Orb.
     0 | D:1      | Reached XP level 1. HP: 16/16 MP: 4/4
    47 | D:1      | HP: 7/16 [hobgoblin/+0 club (5)]
    54 | D:1      | Reached skill level 2 in Maces & Flails
   256 | D:1      | Reached XP level 2. HP: 17/22 MP: 5/5
   477 | D:1      | HP: 11/22 [dart slug/slug dart (6)]
   485 | D:1      | HP: 10/22 [giant cockroach (1)]
   499 | D:1      | HP: 10/22 [kobold (1)]
   865 | D:1      | Reached XP level 3. HP: 27/27 MP: 7/7
   997 | D:1      | Reached skill level 3 in Maces & Flails
  1838 | D:2      | HP: 6/27 [something/puff of flame (12)]
  1843 | D:1      | HP: 1/27 [something (3)]
  1844 | D:1      | Mangled by an orc wizard

Vanquished Creatures
  2 worms
  A dart slug (D:1)
  2 leopard geckos (D:1)
  An orc (D:1)
  3 giant cockroaches (D:1)
  4 goblins (D:1)
  5 hobgoblins
  8 jackals
  6 bats
  2 frilled lizards
  5 kobolds
  3 rats (D:1)
42 creatures vanquished.

Table legend:
 A = Turns spent in this place as a percentage of turns spent in the entire game.
 B = Non-inter-level travel turns spent in this place as a percentage of non-inter-level travel turns spent in the entire game.
 C = Inter-level travel turns spent in this place as a percentage of turns spent in this place.
 D = Turns resting spent in this place as a percentage of non-inter-level travel turns spent in this place.
 E = Turns spent auto-exploring this place as a percentage of non-inter-level travel turns spent in this place.
 F = Non-inter-level travel turns spent in this place divided by the number of levels of this place that you've seen.
                   A       B       C       D       E      F
               +-------+-------+-------+-------+-------+----------------------
         Total | 100.0 | 100.0 |   8.0 |  44.0 |  37.2 | 848.5
       Dungeon | 100.0 | 100.0 |   8.0 |  44.0 |  37.2 | 848.5
               +-------+-------+-------+-------+-------+----------------------
